Unix NetHack Version 3.7.0-71 Work-in-progress - last build Jan 31 2023 02:41:03 (7ba98a1283f2b7cec35fde026edb48fc825ab8ae,branch:master). Game began 2023-02-11 13:19:01, ended 2023-02-11 13:25:33. galadriel, neutral female human Priestess ------ |....| ----- |....| #+...| ------ |....| #|...| |....| |....| #.....#####|....| |.....######|...| #.....| ---.-- #----- -.--.- # # ## # # #### # # # # ## -------.--- ### |...r...... -.----.-- #@-d........| |.......| ..- |.....>...| |.<.....| |.. ----------- |.......| | --------- Galadriel the Aspirant St:12 Dx:15 Co:13 In:10 Wi:18 Ch:10 Neutral S:271 Dlvl:3 $:45 HP:0(14) Pw:6(6) AC:4 Xp:1/19 T:956 Latest messages: You miss the newt. The newt bites! You miss the newt. You kill the newt! You see here a sprig of wolfsbane. You hear a slow drip. f - a sprig of wolfsbane (2 in total). You feel tough! You must have been leading a healthy life-style. You hear a gurgling noise. You stop searching. You kill the lichen! You swap places with your little dog. You kill the newt! There is a doorway here. You see here a newt corpse. p - a newt corpse. What do you want to eat? [efnp or ?*] p This newt corpse is tough. You finish eating the newt corpse. You hear the splashing of a naiad. You swap places with your little dog. You hear a gurgling noise. Where do you want to travel to? (For instructions type a '?') You swap places with your little dog. You descend the stairs. You see here 3 gold pieces. $ - 3 gold pieces (34 in total). You swap places with your little dog. You see here 7 gold pieces. $ - 7 gold pieces (41 in total). You hear a door open. You see here a black potion. q - a black potion. You swap places with your little dog. You descend the stairs. You climb up the stairs. You see here 4 gold pieces. $ - 4 gold pieces (45 in total). You find a hidden door. The door opens. You miss the acid blob. You kill the acid blob! You see here an acid blob corpse. There is an acid blob corpse here; eat it? [ynq] (n) y You have a very bad case of stomach acid. You die... Do you want your possessions identified? [ynq] (y) y Do you want to see your attributes? [ynq] (y) q Inventory: Coins $ - 45 gold pieces Weapons a - a blessed +1 mace (weapon in hand) Armor c - a +0 small shield (being worn) b - a +0 robe (being worn) l - a +0 studded leather armor (being worn) Comestibles n - an apple e - a clove of garlic f - 2 sprigs of wolfsbane Scrolls k - a scroll of remove curse m - a scroll of scare monster Spellbooks h - a spellbook of cure blindness g - a spellbook of light Potions q - a potion of extra healing d - 4 potions of holy water Rings j - a cursed -1 ring of gain constitution Tools i - a magic marker (0:82) Gems/Stones o - 2 worthless pieces of blue glass Galadriel the Priestess's attributes: Background: You were an Aspirant, a level 1 human Priestess. You were neutral, on a mission for Hermes who was opposed by Athena (lawful) and Poseidon (chaotic). You were in the Dungeons of Doom, on level 3. You entered the dungeon 956 turns ago. You had 19 experience points, 1 more was needed to attain level 2. Your score was 271 before end-of-game adjustments. Basics: You had 0 out of 14 hit points. You had all 6 energy points (spell power). Your armor class was 4. Your wallet contained 45 zorkmids. Autopickup was off. Final Characteristics: Your strength was 12 (limit:18/100). Your dexterity was 15 (limit:18). Your constitution was 13 (limit:18). Your intelligence was 10 (limit:18). Your wisdom was 18 (limit:18). Your charisma was 10 (limit:18). Final Status: You were not hungry. You were unencumbered. You were wielding a mace. You had basic skill with mace. Final Attributes: You were fervently aligned. You were guarded. You are dead. Miscellaneous: You never encountered a bones level. Total elapsed playing time was 6 minutes and 31 seconds. Major events: Turn 1: galadriel the neutral human Priestess entered the dungeon 938: entered the Gnomish Mines 956: killed by an acidic corpse Vanquished creatures: an acid blob 2 jackals 2 foxes 2 lichens 2 kobold zombies 4 newts 13 creatures vanquished. No species were genocided or became extinct. Voluntary challenges: You were an atheist. You were illiterate. You never engraved Elbereth. You never genocided any monsters. You never polymorphed an object. You never changed form. You used no wishes. Achievement: You entered the Gnomish Mines. The Dungeons of Doom: levels 1 to 3 Level 1: A sink. Level 2: Some fountains, a sink. Level 3: <- You were here. Stairs down to The Gnomish Mines. Final resting place for you, killed by an acidic corpse. The Gnomish Mines: Level 4: Game over: ---------- / \ / REST \ / IN \ / PEACE \ / \ | galadriel | | 45 Au | | killed by an | | acidic corpse | | | | | | 2023 | *| * * * | * _________)/\\_//(\/(/\)/\//\/|_)_______ Goodbye galadriel the Priestess... You died in The Dungeons of Doom on dungeon level 3 with 267 points, and 45 pieces of gold, after 956 moves. You were level 1 with a maximum of 14 hit points when you died.